cohdb
Replays
Latest Replays
All Replays
Popular Replays
Top Player Replays
Match Explorer
How It Works
Community
CoH3 Stats
Reddit
Sign in to upload your games and track your stats! →
Sign in with Steam
Match 42807405
Unlisted
Match 42807405
Overview
Messages
Build Orders
End
Kradschützen Motorcycle Team
Panzerpioneer Squad
Selects Armored Support Battlegroup
Panzergrenadier Squad
Panzergrenadier Squad
250 Light Carrier
Construct Light Support Kompanie
Selects Superior Fire Drills
Combat Half-tracks
Assault Mechanized Group
Fire Support Elements
Flakvierling Half-track
Veteran Squad Leaders
Trion
Auteeno_Manzano
0
0
Comments
sign in to comment!
No comments posted yet!